 Dungeon Crawl Stone Soup version 0.18-b1-18-g7758cf2 (webtiles) character file.

138 Chiseanne the Magician (level 5, 35/35 HPs)
             Began as a Demonspawn Wizard on May 2, 2016.
             Quit the game on level 2 of the Dungeon.
             The game lasted 00:06:03 (2702 turns).

Chiseanne the Magician (Demonspawn Wizard)          Turns: 2702, Time: 00:06:04

Health: 35/35      AC:  3    Str:  7    XL:     5   Next: 1%
Magic:  6/11       EV: 12    Int: 20    God:
Gold:   99         SH:  0    Dex: 12    Spells: 3 memorised, 7 levels left

rFire  . . .     SeeInvis .     a - +0 dagger (venom)
rCold  . . .     Gourm    .     s - +1 robe
rNeg   . . .     Faith    .     (no shield)
rPois  .         Spirit   .     b - +0 hat
rElec  .         Dismiss  .     (no cloak)
rCorr  .         Reflect  .     (no gloves)
SustAt .         Harm     .     (no boots)
MR     .....                    (no amulet)
Stlth  ++........               (no ring)
                                (no ring)

@: not resistant to hostile enchantments, unstealthy
A: demonic guardian 1, powered by death 2
a: no special abilities


You were on level 2 of the Dungeon.
You were not hungry.

You visited 1 branch of the dungeon, and saw 2 of its levels.

You collected 99 gold pieces.

Inventory:

Hand Weapons
 a - a +0 dagger of venom (weapon)
Missiles
 i - 15 poisoned needles
 j - a throwing net (quivered)
 l - 31 stones
 n - 23 bolts
 q - 26 sling bullets
Armour
 b - a +0 hat (worn)
 s - a +1 robe (worn)
Jewellery
 f - an uncursed amulet of dismissal {unknown}
 g - an uncursed ring of protection from cold {unknown}
Potions
 e - a potion of curing {unknown}
 k - a potion of degeneration {unknown}
 m - a potion of berserk rage {unknown}
 o - a potion of might {unknown}
Books
 c - a book of Minor Magic

   Spells                             Type                      Level
   a - Magic Dart                     Conjuration                  1
   b - Blink                          Translocation                2
   c - Call Imp                       Summoning                    2
   d - Repel Missiles                 Charms/Air                   2
   e - Slow                           Hexes                        2
   f - Conjure Flame                  Conjuration/Fire             3
   g - Mephitic Cloud                 Conjuration/Poison/Air       3
 u - Vehumet's Almanac of Conjuration
   (You found it on level 2 of the Dungeon)

   Spells                             Type                      Level
   a - Magic Dart                     Conjuration                  1
Comestibles
 d - 2 bread rations
 h - a meat ration
 p - 6 chunks of flesh
 r - 2 royal jellies
 t - a slice of pizza


   Skills:
 - Level 1.7 Dodging
 - Level 1.7 Stealth
 * Level 4.4 Spellcasting
 * Level 3.3 Conjurations
   Level 1.0 Summonings
 - Level 0.8 Translocations


You had 7 spell levels left.
You knew the following spells:

 Your Spells              Type           Power        Failure   Level  Hunger
a - Magic Dart            Conj           ###.         3%          1    None
b - Blink                 Tloc           N/A          17%         2    #......
c - Repel Missiles        Chrm/Air       #.....       21%         2    #......


Dungeon Overview and Level Annotations

Branches:
Dungeon (2/15)

Altars:
Cheibriados
Kikubaaqudgha
Sif Muna
Trog
Vehumet


Innate Abilities, Weirdness & Mutations

A weak demonic guardian rushes to your aid.
You regenerate health from kills.


Message History

The magic dart hits the gnoll.
The gnoll is severely wounded.
Casting: Magic Dart
Confirm with . or Enter, or press ? or * to list all spells.
Aiming: Magic Dart
Press: ? - help, Shift-Dir - straight line, f/p - gnoll
Aim: a gnoll, wielding a flail of crushing (heavily wounded)
The magic dart hits the gnoll.
The gnoll is almost dead.
Casting: Magic Dart
Confirm with . or Enter, or press ? or * to list all spells.
Aiming: Magic Dart
Press: ? - help, Shift-Dir - straight line, f/p - gnoll
Aim: a gnoll, wielding a flail of crushing (almost dead)
The magic dart hits the gnoll.
You kill the gnoll!
You have reached level 5!
Your demonic ancestry asserts itself...
You feel the presence of a demonic guardian.
Are you sure you want to abandon this character and quit the game? (Confirm with "yes".)

#...##..)## ##..####
###..#.#.# ##.......
#######.#.#.# #..#.....
#.....#÷#)#.####.##..###
#.....#...#.##>..##...#.
#..............#........
#.....#..####....####...
#>....#.#8##...##8##....
#......@#...#.⌠.#...#...
#.....#.#_........._#...
#.....).#...##.##...#...
#.......##8##...##8##...
..........###8...8#######
.####.......##._.##......
............#####.......
.#................#####.
................ #..


There were no monsters in sight!

Vanquished Creatures
  6 gnolls
  2 adders (D:2)
  3 worms (D:2)
  A dart slug (D:2)
  A giant gecko (D:2)
  A giant cockroach (D:1)
  5 goblins
  7 hobgoblins
  3 jackals
  2 quokkas (D:2)
  7 bats
  2 giant newts (D:2)
  5 kobolds
  8 rats
53 creatures vanquished.

Notes
Turn   | Place    | Note
--------------------------------------------------------------
     0 | D:1      | Chiseanne the Demonspawn Wizard began the quest for the Orb.
     0 | D:1      | Reached XP level 1. HP: 13/13 MP: 4/4
    51 | D:1      | Noticed a crocodile
    51 | D:1      | Noticed a swamp worm
    51 | D:1      | Noticed an eight-headed hydra
   575 | D:1      | Gained mutation: You regenerate a little health from kills. [demonic ancestry]
   575 | D:1      | Reached XP level 2. HP: 19/19 MP: 0/6
  1318 | D:1      | Learned a level 2 spell: Blink
  1321 | D:1      | Learned a level 2 spell: Repel Missiles
  1539 | D:2      | Reached XP level 3. HP: 19/24 MP: 0/8
  1989 | D:2      | Reached skill level 4 in Spellcasting
  1989 | D:2      | Gained mutation: You regenerate health from kills. [demonic ancestry]
  1989 | D:2      | Reached XP level 4. HP: 30/30 MP: 6/10
  2135 | D:2      | Found a snail-covered altar of Cheibriados.
  2298 | D:2      | Found a bloodstained altar of Trog.
  2311 | D:2      | Found an ancient bone altar of Kikubaaqudgha.
  2497 | D:2      | Found a radiant altar of Vehumet.
  2498 | D:2      | Found a deep blue altar of Sif Muna.
  2505 | D:2      | Identified Vehumet's Almanac of Conjuration
  2701 | D:2      | Gained mutation: A weak demonic guardian rushes to your aid. [demonic ancestry]
  2701 | D:2      | Reached XP level 5. HP: 35/35 MP: 5/11
  2702 | D:2      | Quit the game

Skill      XL: |  1  2  3  4 |
---------------+-------------+-----
Conjurations   | 2 3 |  3.3
Spellcasting   | 4 |  4.4
Dodging        | |  1.7
Stealth        | |  1.7
Summonings     | |  1.0
Translocations | |  0.8

Action                   |  1- 3 |  4- 6 || total
-------------------------+-------+-------++-------
Melee: Whip              |     8 |       ||     8
       Dagger            |     9 |    31 ||    40
 Cast: Magic Dart        |    90 |    61 ||   151
       Blink             |     1 |       ||     1
  Use: Scroll            |     4 |       ||     4
  Eat: Chunk             |     2 |     3 ||     5
Armor: Robe              |     9 |     5 ||    14
Dodge: Dodged            |    24 |    25 ||    49
